 Dungeon Crawl Stone Soup version 0.30.0-15-g856e2d3f33 (webtiles) character file.

Game seed: 17987910229887425359

50 qw the Chopper (level 3, -6/23 HPs)
             Began as a Gargoyle Fighter on May 20, 2023.
             Shot with an arrow by a centaur (7 damage)
             ... on level 4 of the Dungeon.
             The game lasted 00:00:54 (2533 turns).

qw the Chopper (Gargoyle Fighter)                   Turns: 2533, Time: 00:00:55

Health: -6/23      AC: 10    Str: 21    XL:     3   Next: 79%
Magic:  3/3        EV: 14    Int:  8    God:
Gold:   565        SH:  4    Dex:  9    Spells: 2/2 levels left

rFire   + . .        Y - +0 war axe
rCold   + . .        c - +0 buckler
rNeg    + . .        b - +0 scale mail
rPois   inf          (no helmet)
rElec   +            a - scarf of Dithmenos's Scorn {rC+ rF+, +Blink}
rCorr   .            (no gloves)
SInv    .            (no boots)
Will    .....        f - amulet of the acrobat Stlth
                     n - +5 ring of evasion
HPRegen 0.23/turn    (no ring)
MPRegen 0.08/turn

%: acrobat
@: no status effects
A: sickness immunity, AC +3, negative energy resistance 1, electricity
resistance, torment resistance 1, petrification resistance
a: Evoke Blink


You were on level 4 of the Dungeon.
You visited 1 branch of the dungeon, and saw 4 of its levels.

You collected 688 gold pieces.
You spent 123 gold pieces at shops.


Innate Abilities, Weirdness & Mutations

You are immune to sickness and miasma.
Your stone body is resilient. (AC +3)
You are immune to poison.
You resist negative energy. (rN+)
You are resistant to electric shocks. (rElec)
You are resistant to unholy torment.
You are immune to petrification.


   Skills:
 - Level 3.2 Fighting
 + Level 3.6 Axes
 - Level 3.2 Armour
 - Level 3.2 Shields


You had 2 spell levels left.
You didn't know any spells.
Your spell library was empty.

Inventory:

Hand Weapons
 g - a +0 whip
 Y - a +0 war axe (weapon)
Missiles
 i - 13 boomerangs (quivered)
Armour
 a - the scarf of Dithmenos's Scorn (worn) {rC+ rF+, +Blink}
   (You acquired it on level 1 of the Dungeon)

   +Blink:    It lets you blink.
 b - a +0 scale mail (worn)
 c - a +0 buckler (worn)
 p - a +0 chain mail
Jewellery
 f - an amulet of the acrobat (around neck)
 n - a +5 ring of evasion (left hand)
Scrolls
 j - 4 scrolls of enchant armour
 k - 2 scrolls of identify
Potions
 d - a potion of might
 e - a potion of curing
 h - a potion of attraction {unknown}
 l - a potion of brilliance {unknown}
 m - a potion of flight {unknown}
 o - a potion of berserk rage {unknown}

Dungeon Overview and Level Annotations

Branches:
Dungeon (4/15)
 Temple: D:4-7

Altars:
Uskayaw

Shops:
D:4 ?


Message History

You kill the ball python!
Things that are here:
a +0 short sword; a +0 leather armour; an orc corpse An orc priest comes into view.
It is wielding a +0 dagger.
Found 14 gold pieces.
The orc priest begins to cast a cantrip, but forgets the words!
You see here a scroll labelled TETUICOOXAT.
A centaur comes into view.
The centaur wields a +0 shortbow.
The centaur shoots an arrow.
The arrow completely misses you.
You closely miss the orc priest.
The centaur shoots an arrow.
You block the arrow. The orc priest closely misses you.
The centaur shoots an arrow.
The arrow barely misses you.
You slash the orc priest!
The orc priest is almost dead.
The centaur shoots an arrow.
The arrow hits you.
The orc priest hits you with a +0 dagger.
The centaur shoots an arrow.
The arrow hits you but does no damage.
The orc priest mumbles some strange prayers to Beogh against you.
Pain shoots through your body!
You closely miss the orc priest.
The orc priest is almost dead.
The centaur shoots an arrow.
You block the arrow.
The centaur shoots an arrow.
The arrow closely misses you.
The orc priest mumbles some strange prayers to Beogh against you.
Pain shoots through your body!
You hit the orc priest but do no damage.
The orc priest is almost dead.
The centaur shoots an arrow.
The arrow misses you. The orc priest misses you.
The centaur shoots an arrow.
The arrow closely misses you. The orc priest barely misses you.
You completely miss the orc priest.
The orc priest is almost dead.
The orc priest barely misses you.
The centaur shoots an arrow.
The arrow hits you!
You closely miss the orc priest.
The orc priest is almost dead.
The centaur shoots an arrow.
The arrow hits you!
You die...

###.. ...$.##
.......#####
.....#...###
.......c..
#..#...#####
#.o.........
...#..@#.......
#.......?.##########
#..##........).....#
# #..###########.#
#.. ########.## ....
..........# ....#
########..# .####
#..# # #..# #


You could see a centaur and an orc priest.

Vanquished Creatures
  A worm (D:2)
  2 dart slugs (D:1)
  2 orcs
  5 endoplasms
  2 giant cockroaches
  2 goblins (D:4)
  2 hobgoblins
  2 quokkas
  5 ball pythons
  2 bats
  5 frilled lizards
  4 kobolds
  7 rats
41 creatures vanquished.

Notes
Turn   | Place    | Note
-------+----------+-------------------------------------------
     0 | D:1      | qw the Gargoyle Fighter began the quest for the Orb.
     0 | D:1      | Reached XP level 1. HP: 14/14 MP: 1/1
     0 | D:1      | 0 ||| qw: Version: 0.2-a-97-g6b18286
     0 | D:1      | 0 ||| qw: Game counter: 19
     0 | D:1      | 0 ||| qw: Always use a shield: true
     0 | D:1      | 0 ||| qw: God list: Okawaru
     0 | D:1      | 0 ||| qw: Allow faded altars: false
     0 | D:1      | 0 ||| qw: Do Orc after D:15 true
     0 | D:1      | 0 ||| qw: Do second Lair branch before Depths: true
     0 | D:1      | 0 ||| qw: Lair rune preference: random
     0 | D:1      | 0 ||| qw: Plans: Normal, Zot:1-4, God:TSO, Crypt, Tomb,
                  | Pan, Slime:5, Hells, Abyss, Win
     0 | D:1      | 0 ||| PLANNING D:1-11
    75 | D:1      | HP: 3/14 [quokka (4)]
    77 | D:1      | HP: 1/14 [frilled lizard (2)]
   139 | D:1      | 139 ||| Stepping ~*~*~tactically~*~*~ (hiding).
   148 | D:1      | Reached XP level 2. HP: 19/19 MP: 2/2
   277 | D:1      | 277 ||| Stepping ~*~*~tactically~*~*~ (hiding).
   279 | D:1      | 279 ||| Stepping ~*~*~tactically~*~*~ (hiding).
   280 | D:1      | 280 ||| Stepping ~*~*~tactically~*~*~ (stealth).
   281 | D:1      | 281 ||| Stepping ~*~*~tactically~*~*~ (hiding).
   296 | D:1      | 296 ||| Stepping ~*~*~tactically~*~*~ (stealth).
   299 | D:1      | 299 ||| Stepping ~*~*~tactically~*~*~ (stealth).
   300 | D:1      | 300 ||| Stepping ~*~*~tactically~*~*~ (stealth).
   315 | D:1      | 315 ||| Stepping ~*~*~tactically~*~*~ (stealth).
   316 | D:1      | 316 ||| Stepping ~*~*~tactically~*~*~ (stealth).
   601 | D:1      | Reached skill level 3 in Axes
   852 | D:1      | 852 ||| READING scroll labelled UTWUMYILYIT.
   853 | D:1      | 853 ||| READING scroll labelled SOYFRANED.
   854 | D:1      | 854 ||| READING 2 scrolls labelled VUZYIS KE DON.
   854 | D:1      | Identified 2 scrolls of acquirement
   854 | D:1      | 854 ||| ACQUIRING 538 gold pieces
   854 | D:1      | Acquired 538 gold pieces
   856 | D:1      | 856 ||| READING scroll of acquirement.
   856 | D:1      | 856 ||| ACQUIRING scarf of Dithmenos's Scorn {rC+ rF+,
                  | +Blink}
   856 | D:1      | Acquired the scarf of Dithmenos's Scorn {rC+ rF+, +Blink}
   858 | D:1      | 858 ||| UPGRADING to scarf of Dithmenos's Scorn {rC+ rF+,
                  | +Blink}.
   863 | D:1      | 863 ||| READING 2 scrolls labelled KUUSTRU TUOMEIRRED.
   864 | D:1      | 864 ||| READING scroll labelled YGIN ZEKHOU.
   903 | D:2      | Reached XP level 3. HP: 23/23 MP: 3/3
  1160 | D:2      | 1160 ||| Stepping ~*~*~tactically~*~*~ (stealth).
  1576 | D:2      | 1576 ||| READING scroll labelled ETEFFA GYSH.
  1577 | D:2      | 1577 ||| READING scroll labelled AGRUFI ODOIRGH.
  1578 | D:2      | 1578 ||| READING 2 scrolls labelled VIZO TEITAIPPO.
  1579 | D:2      | 1579 ||| READING scroll labelled WUNUYJ NOISAR.
  1582 | D:2      | 1582 ||| DROPPING scroll of blinking.
  1901 | D:3      | Found a faded altar of an unknown god.
  1936 | D:3      | 1936 ||| Stepping ~*~*~tactically~*~*~ (stealth).
  2044 | D:3      | Found a hide-covered altar of Uskayaw.
  2099 | D:3      | 2099 ||| Stepping ~*~*~tactically~*~*~ (stealth).
  2283 | D:3      | 2283 ||| UPGRADING to amulet of the acrobat.
  2288 | D:3      | 2288 ||| UPGRADING to +5 ring of evasion.
  2289 | D:3      | 2289 ||| DRINKING 2 glowing dark potions.
  2429 | D:4      | Found Joibirik's Magic Scroll Shop.
  2434 | D:4      | 2434 ||| BUYING scroll of enchant armour (97 gold).
  2434 | D:4      | Bought a scroll of enchant armour for 97 gold pieces
  2434 | D:4      | 2434 ||| BUYING scroll of identify (26 gold).
  2434 | D:4      | Bought a scroll of identify for 26 gold pieces
  2527 | D:4      | Noticed a centaur
  2532 | D:4      | HP: 1/23 [centaur/arrow (10)]
  2533 | D:4      | Shot with an arrow by a centaur

Levels and vault maps discovered:
D:1:      tarquinn_simple_flora_water_d, layout_loops_ring, serial_park_tiny_1
D:2:      layout_loops_cross
D:3:      layout_basic, mainiacjoe_overflow_small_starburst,
          chequers_ecumenical_altar_grove, kennysheep_flooded_box
D:4:      minmay_razor_zed, layout_loops_ring, serial_shops,
          nicolae_shop_pleasant_corner_grove

Skill      XL: |  1  2 |
---------------+-------+-----
Axes           | 2 3 |  3.6
Fighting       | |  3.2
Armour         | |  3.2
Shields        | |  3.2

Action                     || total
---------------------------++-------
  Melee: War axe           ||   127
  Throw: Boomerang         ||    36
    Use: Scroll            ||    10
         Potion            ||     1
 Armour: Scale mail        ||    54
  Dodge: Dodged            ||    66
  Block: Buckler           ||    17

Table legend:
 A = Non-vault XP
 B = Vault XP
 C = Vault XP percentage of total XP
 D = Non-vault monster count
 E = Vault monster count
 F = Vault count percentage of total count
                 A         B        C        D         E       F
            +---------+---------+-------+---------+---------+-------
      Total |      72 |       0 |   0.0 |      41 |       0 |   0.0
            +---------+---------+-------+---------+---------+-------
        D:1 |      33 |       0 |   0.0 |      20 |       0 |   0.0
        D:2 |      14 |       0 |   0.0 |       7 |       0 |   0.0
        D:3 |      15 |       0 |   0.0 |       9 |       0 |   0.0
        D:4 |      10 |       0 |   0.0 |       5 |       0 |   0.0
            +---------+---------+-------+---------+---------+-------
